 Dungeon Crawl Stone Soup version 0.20.1-1-g8b1a95d (webtiles) character file.

431 equalderp2856 the Chopper (level 6, 0/48 HPs)
             Began as a Mummy Fighter on Oct 25, 2017.
             Killed from afar by a dart slug (3 damage)
             ... with a slug dart
             ... on level 4 of the Dungeon.
             The game lasted 00:05:27 (4551 turns).

equalderp2856 the Chopper (Mummy Fighter)           Turns: 4551, Time: 00:05:27

Health: 0/48       AC:  6    Str: 19    XL:     6   Next: 67%
Magic:  9/9        EV:  7    Int:  9    God:
Gold:   214        SH:  9    Dex: 12    Spells: 9/9 levels left

rFire    x x .     SeeInvis .   a - +0 war axe
rCold    + + .     Gourm    .   c - +0 shield
rNeg     + + +     Faith    .   b - +0 scale mail
rPois    ∞         Spirit   .   (no helmet)
rElec    .         Reflect  .   (no cloak)
rCorr    .         Harm     .   (no gloves)
MR       .....                  (no boots)
Stlth    ..........             m - amulet of magic regeneration
Regen    0.2/turn               e - ring of loudness (curse)
MPRegen  0.2/turn               l - ring of ice

@: no status effects
A: no food or potions, fire vulnerability, cold resistance 1, negative energy
resistance 3, torment resistance, unbreathing
a: no special abilities


You were on level 4 of the Dungeon.
You were not hungry.

You visited 1 branch of the dungeon, and saw 4 of its levels.

You collected 214 gold pieces.

Inventory:

Hand Weapons
 a - a +0 war axe (weapon)
Armour
 b - a +0 scale mail (worn)
 c - a +0 shield (worn)
Jewellery
 e - a cursed ring of loudness (left hand)
 l - a ring of ice (right hand)
 m - an amulet of magic regeneration (around neck)
 n - a cursed amulet of inaccuracy {unknown}
Wands
 g - a wand of paralysis (16/24)
Scrolls
 d - a scroll of enchant armour {unknown}
 f - a scroll of teleportation {unknown}
 h - a scroll of identify {unknown}
 i - a scroll of remove curse {unknown}
 j - a scroll of enchant weapon {unknown}
 k - 2 scrolls of recharging {unknown}


   Skills:
 + Level 3.7 Fighting
 * Level 4.0 Axes
 + Level 3.5 Armour
 + Level 1.0 Dodging
 + Level 0.1 Stealth
 + Level 2.9 Shields
 * Level 2.2 Spellcasting


You had 9 spell levels left.
You didn't know any spells.

Dungeon Overview and Level Annotations

Branches:
Dungeon (4/15)
 Temple: D:4-7

Altars:
Ashenzari
Dithmenos
Gozag
Yredelemnul
The Shining One


Innate Abilities, Weirdness & Mutations

You do not eat or drink.
Your flesh is vulnerable to fire.
You are immune to poison.
Your flesh is cold resistant. (rC+)
You are immune to negative energy. (rN+++)
You are immune to unholy pain and torment.
You can survive without breathing.


Message History

You slash the ogre!
You kill the ogre!
Your Axes skill increases to level 4!
Your Dodging skill increases to level 1!
Things that are here:
a giant club; an ogre corpse A gnoll comes into view.
It is wielding a club.
The gnoll shouts!
Found an inky potion.
A dart slug comes into view.
Found a scroll labeled MYZEUCKIRA.
You slash the dart slug!
The dart slug is severely wounded.
The dart slug bites you.
* * * LOW HITPOINT WARNING * * *
You barely miss the dart slug.
The dart slug is severely wounded.
The dart slug launches a dart at you. The slug dart hits you!
You die...

######.## #.....## #..#
#.....#.
###..#####.....##
#........#.....##
########g#...####.....#.
.........#.#.# #.....##
.........#..... #.....##
.........#.#.####.....##
.......@.#.#.. ###.####
.......w.### g# #.# #
.....!...# .. #_# #
.........# #### #
.........# #.# #
...?.....# #.# #
#+###.##.# #.# # #. .#
#.##### #<.....


You could see a gnoll and a dart slug.

Vanquished Creatures
  An ogre (D:4)
  3 orc priests
  An orc wizard (D:3)
  6 adders
  11 gnolls
  A dart slug (D:1)
  4 worms (D:3)
  5 orcs (D:3)
  A ball python (D:1)
  3 bats (D:1)
  2 giant cockroaches
  6 goblins
  6 hobgoblins
  8 kobolds
  6 frilled lizards
  2 gnoll zombies (D:4)
  9 rats
75 creatures vanquished.

Notes
Turn   | Place    | Note
-------+----------+-------------------------------------------
     0 | D:1      | equalderp2856 the Mummy Fighter began the quest for the Orb.
     0 | D:1      | Reached XP level 1. HP: 18/18 MP: 1/1
   138 | D:1      | Reached XP level 2. HP: 12/24 MP: 2/2
   410 | D:1      | Reached skill level 2 in Axes
   552 | D:1      | Reached XP level 3. HP: 25/29 MP: 3/3
   921 | D:2      | Found an opulent altar of Gozag.
  1042 | D:2      | Found a glowing golden altar of the Shining One.
  1042 | D:2      | Found a shadowy altar of Dithmenos.
  1043 | D:2      | Found a shattered altar of Ashenzari.
  1788 | D:2      | Reached XP level 4. HP: 15/35 MP: 4/4
  2496 | D:3      | Reached skill level 3 in Axes
  2496 | D:3      | Reached skill level 1 in Spellcasting
  2496 | D:3      | Reached XP level 5. HP: 20/41 MP: 6/6
  3100 | D:3      | Reached XP level 6. HP: 14/48 MP: 8/8
  4481 | D:4      | Found a basalt altar of Yredelemnul.
  4536 | D:4      | HP: 2/48 [ogre/giant club (11)]
  4537 | D:4      | Reached skill level 4 in Axes
  4537 | D:4      | Reached skill level 1 in Dodging
  4551 | D:4      | Killed from afar by a dart slug

Skill      XL: |  1  2  3  4  5  6 |
---------------+-------------------+-----
Axes           | 2 3 4 |  4.0
Armour         | 3 |  3.5
Spellcasting   | 1 2 |  2.2
Dodging        | 1 |  1.0
Fighting       | |  3.7
Stealth        | |  0.1
Shields        | |  2.9

Action                   |  1- 3 |  4- 6 || total
-------------------------+-------+-------++-------
Melee: War axe           |    98 |   172 ||   270
Armor: Scale mail        |    43 |    59 ||   102
Dodge: Dodged            |    37 |    50 ||    87
Block: Shield            |    49 |    76 ||   125
